 Dungeon Crawl Stone Soup version 0.27-a0-998-g4cfe56dd59 (webtiles) character file.

Game seed: 1775687045750594219

930 Lugonue the Thaumaturge (level 8, -8/50 HPs)
             Began as a Djinni Hedge Wizard on Apr 16, 2021.
             Mangled by an ice beast (18 damage)
             ... on level 6 of the Dungeon.
             The game lasted 00:11:35 (6649 turns).

Lugonue the Thaumaturge (Djinni Hedge Wizard)       Turns: 6649, Time: 00:11:36

Health: -8/50      AC:  3    Str:  9    XL:     8   Next: 11%
Gold:   328        EV: 12    Int: 17    God:
                   SH:  0    Dex: 14

rFire    + + .     SeeInvis .   (no weapon)
rCold    x . .     Faith    .   (no shield)
rNeg     . . .     Spirit   .   b - +0 robe
rPois    ∞         Reflect  .   c - +0 hat
rElec    .         Harm     .   (no cloak)
rCorr    .         Rampage  .   a - +0 pair of gloves
Will     .....                  (boots unavailable)
Stlth    ++........             (no amulet)
HPRegen  0.16/turn              (no ring)
MPRegen  0.00/turn              (no ring)

@: flying
A: fire resistance 2, cold vulnerability 1, float, innate caster, hp casting,
extra vitality 1
a: no special abilities


You were on level 6 of the Dungeon.
You visited 1 branch of the dungeon, and saw 6 of its levels.

You collected 328 gold pieces.

Inventory:

Missiles
 l - 7 curare-tipped darts
Armour
 a - a +0 pair of gloves (worn)
 b - a +0 robe (worn)
 c - a +0 hat (worn)
Jewellery
 g - a ring of wizardry
Wands
 j - a wand of mindburst (4)
Scrolls
 h - a scroll of enchant armour
 m - a scroll of torment {unknown}
 p - a scroll of holy word {unknown}
Potions
 d - a potion of brilliance {unknown}
 e - a potion of degeneration {unknown}
 f - a potion of cancellation {unknown}
 i - 2 potions of curing {unknown}
 k - a potion of mutation {unknown}
 n - a potion of haste {unknown}
 o - a potion of attraction {unknown}


   Skills:
 - Level 2.2 Dodging
 - Level 1.6 Stealth
 + Level 8.0 Spellcasting


You had 4 spell levels left.
You knew the following spells:

 Your Spells              Type           Power      Damage    Failure   Level
a - Magic Dart            Conj           100%       1d8       1%          1
b - Blink                 Tloc           N/A        N/A       1%          2
c - Call Imp              Summ           34%        N/A       1%          2
d - Pain                  Necr           100%       1d9       1%          1
e - Conjure Flame         Conj/Fire      34%        6-21      1%          3
f - Mephitic Cloud        Conj/Pois/Air  34%        N/A       1%          3
g - Slow                  Hex            34%        N/A       1%          2
h - Ensorcelled Hibernat  Hex/Ice        68%        N/A       1%          2
i - Swiftness             Air            34%        N/A       1%          3
Your spell library was empty.

Dungeon Overview and Level Annotations

Branches:
Dungeon (6/15)
 Temple: D:4-7

Altars:
Fedhas
Okawaru

Shops:
D:2 :   D:4 *


Innate Abilities, Weirdness & Mutations

You are immune to poison.
Your flesh is very heat resistant. (rF++)
You are vulnerable to cold. (rC-)
You float through the air rather than walking.
You learn spells naturally, not from books.
Your magical power is your life essence.
You have superior vitality. (+4 HP)


Message History

The ice beast is heavily wounded.
Casting: Magic Dart (safe; 1% risk of failure)
Confirm with . or Enter, or press ? or * to list all spells.
Aiming: Magic Dart (safe; 1% risk of failure)
Press: ? - help, Shift-Dir - straight line, f/p - ice beast
Aim: an ice beast (heavily wounded, 100% to hit)
The magic dart hits the ice beast but does no damage.
The ice beast is heavily wounded.
Casting: Magic Dart (safe; 1% risk of failure)
Confirm with . or Enter, or press ? or * to list all spells.
Aiming: Pain (safe; 1% risk of failure)
Press: ? - help, Shift-Dir - straight line, f/p - ice beast
Aim: an ice beast (heavily wounded, chance to affect: 84%)
The ice beast writhes in agony.
Casting: Pain (safe; 1% risk of failure)
Confirm with . or Enter, or press ? or * to list all spells.
Aiming: Pain (safe; 1% risk of failure)
Press: ? - help, Shift-Dir - straight line, f/p - ice beast
Aim: an ice beast (heavily wounded, chance to affect: 84%)
The ice beast writhes in agony.
The ice beast hits you. The ice beast freezes you!!
You feel a terrible chill!
Casting: Pain (safe; 1% risk of failure)
Confirm with . or Enter, or press ? or * to list all spells.
Aiming: Pain (safe; 1% risk of failure)
Press: ? - help, Shift-Dir - straight line, f/p - ice beast
Aim: an ice beast (severely wounded, chance to affect: 84%)
The ice beast writhes in agony.
* * * LOW HITPOINT WARNING * * *
The ice beast hits you but does no damage.
Casting: Pain (safe; 1% risk of failure)
Confirm with . or Enter, or press ? or * to list all spells.
Aiming: Pain (safe; 1% risk of failure)
Press: ? - help, Shift-Dir - straight line, f/p - ice beast
Aim: an ice beast (almost dead, chance to affect: 84%)
The ice beast barely resists.
* * * LOW HITPOINT WARNING * * *
The ice beast hits you.
* * * LOW HITPOINT WARNING * * *
The ice beast freezes you!!
You feel a terrible chill!
You die...

#..)#..# ..#
#....#># ..#
####.#.#####.#
#......#..##
###..#.....
##.#..###
#.....#
####.##.#
#..Y@#
#....####
#..## .


You could see an ice beast.

Vanquished Creatures
  Grinder (D:3)
  A sky beast (D:5)
  A centaur (D:5)
  A gnoll sergeant (D:6)
  A hound (D:4)
  4 iguanas
  6 gnolls
  3 adders
  An adder skeleton (D:4)
  A worm (D:2)
  2 orcs (D:3)
  7 endoplasms
  3 giant cockroaches (D:1)
  7 goblins
  7 hobgoblins
  3 jackals (D:2)
  3 quokkas
  8 ball pythons
  3 bats
  3 frilled lizards
  3 kobolds
  3 rats
72 creatures vanquished.

Vanquished Creatures (collateral kills)
  A necrophage (D:4)
  2 ogres
  An iguana (D:4)
  A gnoll (D:4)
  A ball python (D:4)
6 creatures vanquished.

Vanquished Creatures (others)
  A bush (D:6)
1 creature vanquished.

Grand Total: 79 creatures vanquished

Notes
Turn   | Place    | Note
-------+----------+-------------------------------------------
     0 | D:1      | Lugonue the Djinni Hedge Wizard began the quest for the
                  | Orb.
     0 | D:1      | Reached XP level 1. HP: 15/15 MP: 0/0
   333 | D:1      | Reached skill level 3 in Spellcasting
   333 | D:1      | Reached XP level 2. HP: 17/21 MP: 0/0
   903 | D:1      | Reached XP level 3. HP: 22/25 MP: 0/0
   903 | D:1      | Learned a level 1 spell: Pain
  1619 | D:2      | Reached skill level 4 in Spellcasting
  1740 | D:2      | Reached XP level 4. HP: 26/31 MP: 0/0
  2011 | D:2      | Found Kantepp's Book Emporium.
  2057 | D:2      | Found a faded altar of an unknown god.
  2601 | D:2      | Found an iron altar of Okawaru.
  2987 | D:3      | Noticed Grinder
  2993 | D:3      | Killed Grinder
  2994 | D:3      | Reached skill level 5 in Spellcasting
  2994 | D:3      | Reached XP level 5. HP: 28/35 MP: 0/0
  2994 | D:3      | Learned a level 2 spell: Ensorcelled Hibernation
  2994 | D:3      | Reached XP level 6. HP: 32/40 MP: 0/0
  3719 | D:4      | Noticed a necrophage
  3754 | D:4      | Killed a necrophage
  3755 | D:4      | Reached skill level 6 in Spellcasting
  4126 | D:4      | Found Suaquutzass's Assorted Antiques.
  4277 | D:4      | Reached XP level 7. HP: 36/45 MP: 0/0
  4277 | D:4      | Learned a level 3 spell: Swiftness
  4962 | D:5      | Entered Level 5 of the Dungeon
  5094 | D:5      | Reached skill level 7 in Spellcasting
  5778 | D:5      | Found a blossoming altar of Fedhas.
  6396 | D:6      | Reached XP level 8. HP: 44/50 MP: 0/0
  6453 | D:6      | Reached skill level 8 in Spellcasting
  6649 | D:6      | Mangled by an ice beast

Illustrated notes

Levels and vault maps discovered:
D:1:      minmay_arrival_doors, layout_loops_ring, minmay_tetromino_t2
D:2:      layout_basic, basic_altar, serial_shops, shop,
          hellmonk_ecumenical_altar_inner_sanctum
D:3:      layout_loops_ring, minmay_goblin_outpost, uniq_grinder
D:4:      layout_cave_pools, serial_shops, shop, minmay_mini_jars
D:5:      layout_rooms, old_standard_altar, palyth_stone_intersect
D:6:      minmay_spotlight, layout_rooms, minmay_hedge_maze,
          minmay_divided_ellipse, uniq_blork_the_orc, uniq_maggie

Skill      XL: |  1  2  3  4  5  6  7  8 |
---------------+-------------------------+-----
Spellcasting   | 3 4 5 6 7 8 |  8.0
Dodging        | |  2.2
Stealth        | |  1.6

Action                   |  1- 3 |  4- 6 |  7- 9 || total
-------------------------+-------+-------+-------++-------
 Cast: Magic Dart        |    75 |    58 |    18 ||   151
       Pain              |       |    26 |    49 ||    75
       Mephitic Cloud    |       |     2 |     5 ||     7
       Call Imp          |       |     2 |     8 ||    10
       Conjure Flame     |       |       |     1 ||     1
Evoke: Wand              |       |     6 |       ||     6
  Use: Scroll            |     1 |     3 |       ||     4
       Potion            |       |     2 |       ||     2
Armor: Robe              |       |     7 |     3 ||    10
Dodge: Dodged            |     5 |    19 |    10 ||    34

Table legend: (Time is in decaauts)
 A = Elapsed time spent in this place.
 B = Non-inter-level travel time spent in this place.
 C = Inter-level travel time spent in this place.
 D = Time resting spent in this place.
 E = Time spent auto-exploring this place.
 F = Levels seen in this place.
 G = Mean time per level.
                   A        B        C        D        E       F      G
               +--------+--------+--------+--------+--------+-----+--------+
         Total |   6648 |   6476 |    172 |    748 |   5175 |   6 | 1108.0 |
       Dungeon |   6648 |   6476 |    172 |    748 |   5175 |   6 | 1108.0 |
               +--------+--------+--------+--------+--------+-----+--------+

Top non-repeatable levels by time:
     D:4: 1714 daAuts
     D:1: 1461 daAuts
     D:2: 1226 daAuts
     D:3: 990 daAuts
     D:5: 987 daAuts
     D:6: 268 daAuts
